 Dungeon Crawl Stone Soup version 0.27.1-3-gb3d3a73c9e (webtiles) character file.

Game seed: 4569444718742090636

1556 bnorton916 the Jinx (level 8, 0/41 HPs)
             Began as a Deep Elf Conjurer on Oct 6, 2021.
             Was an Initiate of Gozag.
             Slain by Harold (14 damage)
             ... on level 7 of the Dungeon.
             The game lasted 00:14:31 (8847 turns).

bnorton916 the Jinx (Deep Elf Conjurer)             Turns: 8847, Time: 00:14:31

Health: 0/41       AC:  5    Str:  7    XL:     8   Next: 58%
Magic:  15/18      EV: 12    Int: 28    God:    Gozag
Gold:   47         SH:  0    Dex: 13    Spells: 6/17 levels left

rFire    . . .     SeeInvis .   c - +0 war axe (freeze)
rCold    + . .     Faith    .   (no shield)
rNeg     . . .     Spirit   .   a - +0 robe
rPois    +         Reflect  .   (no helmet)
rElec    .         Harm     .   g - +1 cloak {rPois}
rCorr    .         Rampage  .   u - +0 pair of gloves {Str+3}
Will     +....                  (no boots)
Stlth    ++........             b - amulet of Satyriasis {RegenMP rC+ Will+ Int+2}
HPRegen  0.13/turn              (no ring)
MPRegen  0.41/turn              (no ring)

@: no status effects
A: no striking features
a: Renounce Religion, Potion Petition, Call Merchant, Bribe Branch


You were on level 7 of the Dungeon.
You worshipped Gozag.
Gozag was noncommittal.
You visited 2 branches of the dungeon, and saw 8 of its levels.

You collected 500 gold pieces.
You spent 390 gold pieces at shops.
You paid 63 gold pieces to Gozag.

Inventory:

Hand Weapons
 c - a +0 war axe of freezing (weapon)
 e - a +3 dagger of venom
 q - a +0 short sword of freezing
 y - a +1 short sword of freezing
Missiles
 h - 8 curare-tipped darts
Armour
 a - a +0 robe (worn)
 g - a +1 cloak of poison resistance (worn)
 u - a +0 pair of gloves of strength (worn)
 w - a +1 pair of gloves of archery
Jewellery
 b - the amulet of Satyriasis (around neck) {RegenMP rC+ Will+ Int+2}
   (You acquired it on level 6 of the Dungeon)

   [amulet of magic regeneration]

   It increases your rate of magic regeneration.
   Int:       It affects your intelligence (+2).
   rC:        It protects you from cold.
   Will:      It increases your willpower.
 o - an amulet of regeneration
Scrolls
 f - 3 scrolls of teleportation
 k - 2 scrolls of fear
 m - a scroll of magic mapping {unknown}
 p - a scroll of torment {unknown}
 s - a scroll of amnesia
 t - a scroll of summoning {unknown}
 v - a scroll of noise {unknown}
 x - 2 scrolls of vulnerability
Potions
 d - a potion of lignification
 i - a potion of degeneration
 j - a potion of might
 l - a potion of ambrosia {unknown}
 n - 2 potions of haste
 r - a potion of attraction


   Skills:
 - Level 2.4 Dodging
 - Level 2.4 Stealth
 - Level 5.4 Spellcasting
 - Level 5.9 Conjurations
 + Level 8.7 Hexes
 + Level 7.2 Translocations


You had 6 spell levels left.
You knew the following spells:

 Your Spells              Type           Power      Damage    Failure   Level
a - Magic Dart            Conj           100%       1d8       1%          1
b - Searing Ray           Conj           80%        3d6       1%          2
c - Fulminant Prism       Conj/Hex       24%        3d13      3%          4
d - Iskenderun's Mystic   Conj/Tloc      44%        2d10      4%          4

Your spell library contained the following spells:

 Spells                   Type           Power      Damage    Failure   Level
 Dazzling Flash           Conj/Hex       96%        N/A       1%          3
 Summon Guardian Golem    Hex/Summ       32%        N/A       3%          3
 Animate Skeleton         Necr           14%        N/A       6%          1
 Pain                     Necr           28%        1d5       6%          1
 Summon Small Mammal      Summ           28%        N/A       6%          1
 Call Canine Familiar     Summ           7%         N/A       19%         3
 Vampiric Draining        Necr           3%         2d6       19%         3
 Agony                    Necr           7%         N/A       87%         5
 Excruciating Wounds      Necr           3%         N/A       87%         5


Dungeon Overview and Level Annotations

Branches:
Dungeon (7/15)             Temple (1/1) D:5

Altars:
Cheibriados
Dithmenos
Gozag
Okawaru
Qazlal
Ru
Trog
Zin

Shops:
D:2 *?*[*   D:5 =:

Annotations:
D:6 1 runed translucent door, GravelGoth's ghost, novice MiFi
D:7 Harold


Message History

There is a stone staircase leading up here.
There is a stone staircase leading down here.
You climb downwards.
There is a stone staircase leading up here.
Found 13 gold pieces.
You now have 47 gold pieces (gained 13).
Harold the Weathered comes into view.
He is wielding a +0 dire flail and wearing a +0 chain mail of fire resistance.
Found a whip.
Found a stone staircase leading down.
Harold shouts!
Casting: Magic Dart (safe; 1% risk of failure)
Confirm with . or Enter, or press ? or * to list all spells.
You erupt in a blast of force!
The mystic blast hits Harold!
Harold is lightly wounded.
Harold is knocked back by the mystic blast.
Harold slams into the rock wall!
You hear a loud, deep croak!
Casting: Iskenderun's Mystic Blast (dangerous; 4% risk of failure)
Confirm with . or Enter, or press ? or * to list all spells.
Aiming: Searing Ray (safe; 1% risk of failure)
Press: ? - help, Shift-Dir - straight line, f - Harold
Aim: Harold, wielding a +0 dire flail, wearing a +0 chain mail of fire resistance and quivering a throwing net (moderately wounded, 91% to hit)
You miscast Searing Ray.
You are very lightly contaminated with residual magic.
Nothing appears to happen.
Harold hits you with a +0 dire flail. Harold hits you with a +0 dire flail.
A bullfrog comes into view.
Harold hits you with a +0 dire flail!
Unknown command.
Harold yells, "I don't have all day!"
Harold throws a throwing net.
The throwing net hits you.
You become entangled in the net!
You see here a throwing net.
You struggle against the net.
You tear a large gash into the net.
Harold says, "Try to look on the bright side.
Your death will help put my children through school."
Harold hits you with a +0 dire flail!
Your magical contamination has completely faded away.
You rip the net and break free!
Harold hits you with a +0 dire flail!
You die...
Your body crumbles into a pile of gold.

...... ..... $
.... ..> .. #.
####.#.#######
)......F@@...#
.###...#####.#
##.. #.# #..
#.# #..
#.###### ...
#.....<# ...F
######## ....


You could see Harold and a bullfrog.

Vanquished Creatures
  An unseen horror (D:5)
  A steam dragon (D:6)
  A necrophage (D:6)
  An ogre (D:4)
  A bullfrog (D:6)
  3 scorpions
  A water moccasin skeleton (D:6)
  A gnoll shaman (D:6)
  2 hounds
  A centaur skeleton (D:6)
  3 orc priests
  2 jellies
  4 iguanas
  3 orc wizards
  A hound skeleton (D:4)
  5 gnolls (D:6)
  9 adders
  2 ufetubi
  An adder zombie (D:5)
  5 dart slugs
  18 orcs
  11 endoplasms
  2 giant cockroaches
  9 goblins
  12 hobgoblins
  3 jackals (D:3)
  3 quokkas
  8 ball pythons
  4 bats
  4 frilled lizards
  6 kobolds
  5 rats
133 creatures vanquished.

Vanquished Creatures (others)
  8 fulminant prisms
  10 plants
18 creatures vanquished.

Grand Total: 151 creatures vanquished

Notes
Turn   | Place    | Note
-------+----------+-------------------------------------------
     0 | D:1      | bnorton916 the Deep Elf Conjurer began the quest for the
                  | Orb.
     0 | D:1      | Reached XP level 1. HP: 10/10 MP: 6/6
   394 | D:1      | Reached XP level 2. HP: 15/15 MP: 6/8
   397 | D:1      | Learned a level 2 spell: Searing Ray
  1397 | D:2      | Found Xacaxt's Magic Scroll Shop.
  1399 | D:2      | Reached skill level 5 in Conjurations
  1411 | D:2      | Reached XP level 3. HP: 15/19 MP: 7/10
  1520 | D:2      | Found a faded altar of an unknown god.
  1785 | D:2      | Found Reitely's General Store.
  1893 | D:2      | Found Ugaobry's General Store.
  2071 | D:2      | Found Jyisyrub's Assorted Antiques.
  2073 | D:2      | Found Yqiguhei's Antique Armour Emporium.
  2121 | D:2      | You fall into a shaft and drop 1 floor!
  2322 | D:3      | Reached XP level 4. HP: 24/24 MP: 9/12
  2409 | D:3      | Found a snail-covered altar of Cheibriados.
  2819 | D:3      | Reached skill level 5 in Spellcasting
  2868 | D:4      | Learned a level 4 spell: Fulminant Prism
  2873 | D:4      | Learned a level 4 spell: Iskenderun's Mystic Blast
  3095 | D:4      | Reached XP level 5. HP: 28/28 MP: 12/14
  3258 | D:4      | Reached skill level 2 in Hexes
  3258 | D:4      | Reached skill level 1 in Translocations
  3284 | D:4      | Reached XP level 6. HP: 23/32 MP: 1/16
  3452 | D:4      | Reached skill level 3 in Hexes
  3553 | D:4      | Reached skill level 4 in Hexes
  4018 | D:4      | Noticed an ice beast
  4065 | D:5      | Entered Level 5 of the Dungeon
  5325 | D:5      | Found Laefecw's Book Emporium.
  5384 | D:5      | Killed an unseen horror
  5385 | D:5      | Reached skill level 6 in Hexes
  5385 | D:5      | Reached skill level 5 in Translocations
  5385 | D:5      | Reached XP level 7. HP: 18/36 MP: 0/17
  5830 | D:5      | Found a staircase to the Ecumenical Temple.
  5842 | Temple   | Entered the Ecumenical Temple
  5877 | Temple   | Became a worshipper of Gozag Ym Sagoz the Greedy
  6350 | D:5      | Found Foblaf's Jewellery Shoppe.
  6417 | D:6      | Noticed a steam dragon
  6426 | D:6      | Killed a steam dragon
  6427 | D:6      | Reached skill level 7 in Hexes
  6427 | D:6      | Reached XP level 8. HP: 8/41 MP: 1/18
  7728 | D:6      | Identified a scroll of acquirement
  7728 | D:6      | Acquired the amulet of Satyriasis {RegenMP rC+ Will+ Int+2}
  8229 | D:6      | Reached skill level 8 in Hexes
  8384 | D:6      | Found a runed translucent door.
  8388 | D:6      | Noticed GravelGoth's ghost (novice MiFi)
  8499 | D:6      | Found a shadowy altar of Dithmenos.
  8768 | D:2      | Bought a pair of embroidered gloves for 195 gold pieces
  8773 | D:2      | Bought a pair of runed gloves for 195 gold pieces
  8838 | D:7      | Noticed Harold
  8847 | D:7      | Slain by Harold

Illustrated notes

Levels and vault maps discovered:
D:1:      psy_arrival_fountain, layout_rooms
D:2:      layout_loops_corners, shapermc_ecumenical_altar_totnotflames,
          serial_shops, shop, nicolae_diamond_shop, shop, nicolae_square_shop,
          shop, guppyfry_early_lair_pool
D:3:      layout_loops_ring, mainiacjoe_overflow_small_starburst
D:4:      layout_cave_pools, hangedman_minor_gate_pass
D:5:      layout_rooms, minmay_temple_entry_glass, serial_shops,
          nicolae_lakefront_shop, nicolae_square_shop,
          kennysheep_cross_bottleneck
D:6:      layout_cave_pools, grunt_dithmenos_smoke_and_mirrors,
          ebering_ghost_reflecting_pool, minivault_4
D:7:      layout_basic, uniq_harold
Temple:   nicolae_temple_elliptical

Skill      XL: |  1  2  3  4  5  6  7  8 |
---------------+-------------------------+-----
Spellcasting   | 4 5 |  5.4
Conjurations   | 5 |  5.9
Hexes          | 2 6 7 8 |  8.7
Translocations | 2 5 6 7 |  7.2
Dodging        | |  2.4
Stealth        | |  2.4

Action                   |  1- 3 |  4- 6 |  7- 9 || total
-------------------------+-------+-------+-------++-------
Melee: Dagger            |     8 |     5 |       ||    13
       War axe           |       |       |     1 ||     1
 Cast: Magic Dart        |    69 |    98 |    51 ||   218
       Searing Ray       |     2 |    14 |     6 ||    22
       Fulminant Prism   |       |     5 |     3 ||     8
       Iskenderun's Myst |       |     2 |     8 ||    10
  Use: Potion            |       |     5 |       ||     5
       Scroll            |       |       |    10 ||    10
 Stab: Sleeping          |     1 |       |       ||     1
Armor: Robe              |     3 |     3 |     2 ||     8
       Skin              |       |    30 |       ||    30
Dodge: Dodged            |     8 |     9 |    27 ||    44
